 Dungeon Crawl Stone Soup version 0.28.0-45-g0d030f2227 (webtiles) character file.

Game seed: 16356354830500218558

35 NinjaNoafa the Skirmisher (level 3, -2/33 HPs)
             Began as a Hill Orc Fighter on Apr 4, 2022.
             Was an Initiate of Yredelemnul.
             Slain by a gnoll
             ... wielding a +0 flail
              (6 damage)
             ... on level 2 of the Dungeon.
             The game lasted 00:02:21 (1452 turns).

NinjaNoafa the Skirmisher (Hill Orc Fighter)        Turns: 1452, Time: 00:02:22

Health: -2/33      AC:  6    Str: 20    XL:     3   Next: 35%
Magic:  3/3        EV:  9    Int:  8    God:    Yredelemnul [......]
Gold:   77         SH:  4    Dex: 10    Spells: 2/2 levels left

rFire   . . .      SeeInvis .   a - +0 war axe
rCold   . . .      Faith    .   c - +0 buckler
rNeg    . . .      Spirit   .   b - +0 scale mail
rPois   .          Reflect  .   (no helmet)
rElec   .          Harm     .   (no cloak)
rCorr   .          Rampage  .   (no gloves)
Will    .....                   (no boots)
Stlth   ..........              (no amulet)
HPRegen 0.11/turn               (no ring)
MPRegen 0.08/turn               (no ring)

@: no status effects
A: no striking features
a: Renounce Religion, Recall Undead Harvest


You were on level 2 of the Dungeon.
You worshipped Yredelemnul.
Yredelemnul was noncommittal.
You visited 1 branch of the dungeon, and saw 2 of its levels.

You collected 77 gold pieces.

Inventory:

Hand Weapons
 a - a +0 war axe (weapon)
 i - a +0 dagger of speed
Missiles
 e - 68 stones
 q - 3 poisoned darts (quivered)
Armour
 b - a +0 scale mail (worn)
 c - a +0 buckler (worn)
Scrolls
 h - a scroll of blinking {unknown}
 k - a scroll of immolation {unknown}
 l - a scroll of fear {unknown}
 m - a scroll of fog {unknown}
 p - a scroll of enchant weapon {unknown}
Potions
 d - a potion of might
 f - a potion of cancellation {unknown}
 g - 2 potions of haste {unknown}
 j - a potion of ambrosia {unknown}
 n - 3 potions of lignification {unknown}
 o - a potion of mutation {unknown}


   Skills:
 + Level 4.0 Fighting
 * Level 3.7 Axes
 + Level 3.6 Armour
 + Level 3.6 Shields


You had 2 spell levels left.
You didn't know any spells.
Your spell library contained the following spells:

 Spells                   Type           Power      Damage    Failure   Level
 Animate Armour           Summ/Erth      0%         N/A       100%        4
 Blade Hands              Tmut           0%         N/A       100%        5
 Iron Shot                Conj/Erth      0%         9d1       100%        6


Dungeon Overview and Level Annotations

Branches:
Dungeon (2/15)

Altars:
Yredelemnul


Message History

The gnoll hits you with a +0 whip. The gnoll hits you with a +0 flail.
The gnoll closely misses you.
Your bat zombie hits the gnoll but does no damage. x2
The gnoll hits you from afar with a +0 spear.
The gnoll barely misses you.
Your bat zombie closely misses the gnoll.
The gnoll hits you but does no damage. x2
You hit the endoplasm.
The endoplasm is moderately wounded.
Your bat zombie hits the gnoll but does no damage.
Your bat zombie barely misses the gnoll.
The gnoll hits you but does no damage. You block the gnoll's attack.
The endoplasm freezes you.
You are frozen.
The gnoll completely misses you.
a - a +0 war axe (weapon)
Your bat zombie closely misses the gnoll.
The gnoll hits you with a +0 whip.
Your bat zombie barely misses the gnoll.
The gnoll hits you from afar with a +0 spear.
You block the gnoll's attack.
You slash the endoplasm!
You kill the endoplasm!
You barely miss the gnoll. x3; A black mist starts to gather...
Your bat zombie misses the gnoll.
Your bat zombie hits the gnoll but does no damage.
Your bat zombie closely misses the gnoll.
You block the gnoll's attack. The gnoll hits you with a +0 whip.
You block the gnoll's attack. The gnoll hits you with a +0 whip.
* * * LOW HITPOINT WARNING * * *
You closely miss the gnoll. You hit the gnoll. x2
Your bat zombie hits the gnoll.
Your bat zombie barely misses the gnoll.
Your bat zombie closely misses the gnoll.
The gnoll hits you with a +0 flail.
* * * LOW HITPOINT WARNING * * *
You block the gnoll's attack. The gnoll barely misses you.
Your bat zombie closely misses the gnoll.
The gnoll barely misses you. The gnoll hits you with a +0 flail.
You die...
Your body rises from the dead as a mindless zombie.

################### ###
#..........##.....##..!.
#Z#........#..gg........
#.##..........Z.@.......
...#...........gg.Z.....
##..####.##.............
.#.## #.Z#.............
...# ##...............
.#.# ###.............
.#..# #..............
.#.## .........##....
...# ##...#####


You could see 4 gnolls, a friendly spectral endoplasm and a friendly bat zombie.

Vanquished Creatures
  A dart slug (D:1)
  4 endoplasms
  3 giant cockroaches
  5 kobolds (D:1)
  2 ball pythons (D:1)
  A bat (D:2)
  3 frilled lizards (D:1)
  3 goblins (D:1)
  5 rats
27 creatures vanquished.

Vanquished Creatures (collateral kills)
  3 ball pythons (D:1)
  A goblin (D:1)
  A kobold (D:1)
5 creatures vanquished.

Vanquished Creatures (others)
  A bat zombie (D:1)
  A giant cockroach zombie (D:1)
2 creatures vanquished.

Grand Total: 34 creatures vanquished

Notes
Turn   | Place    | Note
-------+----------+-------------------------------------------
     0 | D:1      | NinjaNoafa the Hill Orc Fighter began the quest for the
                  | Orb.
     0 | D:1      | Reached XP level 1. HP: 19/19 MP: 1/1
   131 | D:1      | Reached XP level 2. HP: 25/27 MP: 2/2
   302 | D:1      | Found a faded altar of an unknown god.
   308 | D:1      | Prayed at the altar of an unknown god.
   308 | D:1      | Became a worshipper of Yredelemnul the Dark
   308 | D:1      | Reached * piety under Yredelemnul
   680 | D:1      | Reached XP level 3. HP: 33/33 MP: 3/3
   690 | D:1      | Reached ** piety under Yredelemnul
   831 | D:1      | Reached skill level 4 in Fighting
  1452 | D:2      | Slain by a gnoll

Illustrated notes

Levels and vault maps discovered:
D:1:      psy_arrival_dodecagon, layout_loops_corners, basic_ecumenical_altar,
          minmay_misc_feat_x, minmay_ruptured
D:2:      layout_rooms, nicolae_concentric_dashed_squares_mild

Skill      XL: |  1  2  3 |
---------------+----------+-----
Axes           | 3 |  3.7
Fighting       | 4 |  4.0
Armour         | |  3.6
Shields        | |  3.6

Action                   || total
-------------------------++-------
Melee: War axe           ||    39
       Dagger            ||    38
Armor: Scale mail        ||    31
Dodge: Dodged            ||    32
Block: Buckler           ||    15
